 Dungeon Crawl Stone Soup version 0.29-a0-620-g13ace881f2 (webtiles) character file.

Game seed: 16176127565153298432

147 Vylera the Bolt Thrower (level 5, -3/33 HPs)
             Began as an Octopode Arcane Marksman on June 18, 2022.
             Was a Follower of Elyvilon.
             Slain by a goblin
             ... wielding a +0 dagger
             ... led by Robin
              (6 damage)
             ... on level 2 of the Dungeon.
             The game lasted 00:05:02 (2308 turns).

Vylera the Bolt Thrower (Octopode Arcane Marksman)  Turns: 2308, Time: 00:05:03

Health: -3/33      AC:  1    Str:  9    XL:     5   Next: 29%
Magic:  6/6        EV: 13    Int: 16    God:    Elyvilon [*.....]
Gold:   59         SH:  0    Dex: 14    Spells: 5/6 levels left

rFire   . . .      SeeInvis .   (no weapon)
rCold   . . .      Faith    .   (no shield)
rNeg    . . .      Spirit   .   (helmet restricted)
rPois   .          Reflect  .   (no amulet)
rElec   .          Harm     .   (no ring)
rCorr   .          Rampage  .   (no ring)
Will    .....                   (no ring)
Stlth   ++........              (no ring)
HPRegen 0.11/turn               (no ring)
MPRegen 0.10/turn               (no ring)
                                (no ring)
                                (no ring)

@: no status effects
A: almost no armour, amphibious, 8 rings, camouflage 1, gelatinous body 1,
(nimble swimmer 1), tentacles
a: Renounce Religion, Purification


You were on level 2 of the Dungeon.
You worshipped Elyvilon.
Elyvilon was aware of your devotion.
You visited 1 branch of the dungeon, and saw 2 of its levels.

You collected 59 gold pieces.

Inventory:

Hand Weapons
 a - a +0 hand crossbow
Missiles
 c - 7 poisoned darts
Jewellery
 l - a ring of willpower
Scrolls
 b - 2 scrolls of vulnerability
 d - a scroll of enchant armour {unknown}
 e - a scroll of magic mapping {unknown}
 f - a scroll of poison
 g - a scroll of immolation {unknown}
 h - a scroll of identify {unknown}
 n - a scroll of noise {unknown}
Potions
 i - a potion of mutation {unknown}
 j - a potion of heal wounds {unknown}
 k - a potion of attraction {unknown}
 m - a potion of curing {unknown}


   Skills:
 - Level 1.0 Fighting
 * Level 4.5 Crossbows
 - Level 2.0 Dodging
 - Level 1.0 Spellcasting
 + Level 4.1 Hexes


You had 5 spell levels left.
You knew the following spells:

 Your Spells              Type           Power      Damage    Failure   Level
a - Slow                  Hex            52%        N/A       4%          1

Your spell library contained the following spells:

 Spells                   Type           Power      Damage    Failure   Level
 Inner Flame              Hex/Fire       7%         N/A       30%         3
 Portal Projectile        Hex/Tloc       14%        N/A       30%         3
 Cause Fear               Hex            6%         N/A       38%         4
 Frozen Ramparts          Ice            0%         1d2       56%         3
 Gell's Gravitas          Tloc           0%         N/A       56%         3
 Lesser Beckoning         Tloc           0%         N/A       56%         3
 Mephitic Cloud           Conj/Pois/Air  0%         N/A       56%         3
 Teleport Other           Tloc           0%         N/A       56%         3
 Metabolic Englaciation   Hex/Ice        3%         N/A       95%         5
 Fire Storm               Conj/Fire      0%         5d1       100%        9


Dungeon Overview and Level Annotations

Branches:
Dungeon (2/15)

Altars:
Elyvilon

Annotations:
D:2 1 runed translucent door, Crazy Yiuf, Robin


Innate Abilities, Weirdness & Mutations

You cannot wear most types of armour.
You are amphibious.
You can wear up to eight rings at the same time.
Your skin changes colour to match your surroundings (Stealth+).
Your rubbery body absorbs attacks. (AC +1, EV +1)
((You are camouflaged when in or above water. (Stealth+)))
You have tentacles for arms and can constrict up to eight enemies at once.


Message History

You are too injured to fight recklessly!
Really attack while wielding your +0 hand crossbow?
Okay, then.
The air fills with toxic fumes!
As you read the scroll labelled FUOG UTOGGYA, it crumbles to dust.
It was a scroll of poison.
The goblin completely misses you. The goblin hits you with a +0 club.
* * * LOW HITPOINT WARNING * * *
Unknown command.
You are now empty-tentacled.
You miss the goblin. You grab the goblin.
The goblin is heavily wounded.
You constrict the goblin.
The goblin no longer looks unusually strong.
The goblin hits you with a +0 dagger.
* * * LOW HITPOINT WARNING * * *
The goblin completely misses you.
You tentacle-slap the goblin. Your grab misses the goblin.
The goblin is heavily wounded.
You constrict the goblin.
You kill the goblin!
The goblin no longer looks unusually strong.
Robin roars a battlecry!
The goblins go into a battle-frenzy!
The goblin hits you with a +0 dagger.
* * * LOW HITPOINT WARNING * * *
You closely miss the goblin. Your grab misses the goblin.
You squeeze the goblin.
You kill the goblin!
The goblin hits you with a +0 dagger.
* * * LOW HITPOINT WARNING * * *
Unknown command.
The hobgoblin no longer looks unusually strong.
Robin roars a battlecry!
The hobgoblin goes into a battle-frenzy!
Things that are here:
a +0 dagger; a goblin corpse You tentacle-slap the goblin but do no damage.
Your grab misses the goblin. The goblin hits you with a +0 dagger.
You die...

...# #.# ..##.#
#§§# ..###.##.#
#§§# #.#.#.#..
#§§# # #.#...##
######☼.##.#
#.##......#
..g.g.)g##.#
#...##...##
#g##.##..##.##.###
#g##.#.#..........
#@#...#######..###
#§§.#..##...).....
#§§##...>...######
##§§#.)##.#.#
##☼§.#)#.#.#
##§###....# ###
#§# ##.#.# #...
#.. ...#.# #g..
########.# #)..


You could see Robin, a hobgoblin (strong) and a goblin (strong).

Vanquished Creatures
  Natasha (twice) (D:2)
  5 gnolls
  A dart slug (D:1)
  An endoplasm (D:1)
  A giant cockroach (D:1)
  8 goblins
  8 hobgoblins
  3 jackals (D:1)
  2 kobolds (D:1)
  4 quokkas
  5 ball pythons
  2 bats (D:1)
  4 rats (D:1)
46 creatures vanquished.

Notes
Turn   | Place    | Note
-------+----------+-------------------------------------------
     0 | D:1      | Vylera the Octopode Arcane Marksman began the quest for the
                  | Orb.
     0 | D:1      | Reached XP level 1. HP: 13/13 MP: 2/2
    20 | D:1      | Got the Reference Book on Congealing Damage Dealing
    62 | D:1      | Found a faded altar of an unknown god.
    81 | D:1      | Reached XP level 2. HP: 11/18 MP: 3/3
    89 | D:1      | Prayed at the altar of an unknown god.
    89 | D:1      | Became a worshipper of Elyvilon the Healer
    89 | D:1      | Reached * piety under Elyvilon
   533 | D:1      | Reached XP level 3. HP: 4/23 MP: 4/4
   535 | D:1      | HP: 1/23 [dart slug/slug dart (3)]
  1324 | D:2      | Noticed Natasha
  1334 | D:2      | Elyvilon protects you from harm!
  1635 | D:2      | Killed Natasha
  1636 | D:2      | Reached XP level 4. HP: 10/28 MP: 5/5
  1850 | D:2      | Noticed Natasha
  1859 | D:2      | Killed Natasha
  2067 | D:2      | Found a runed translucent door.
  2068 | D:2      | Noticed Crazy Yiuf
  2247 | D:2      | Reached XP level 5. HP: 30/33 MP: 6/6
  2287 | D:2      | Noticed Robin
  2308 | D:2      | Slain by a goblin

Illustrated notes

Levels and vault maps discovered:
D:1:      amcnicky_arrival_feature_with_door, layout_rooms,
          basic_ecumenical_altar
D:2:      layout_loops_ring, uniq_crazy_yiuf_cottage, uniq_natasha, uniq_robin

Skill      XL: |  1  2  3  4 |
---------------+-------------+-----
Crossbows      | 3 4 |  4.5
Hexes          | 4 |  4.1
Fighting       | |  1.0
Dodging        | |  2.0
Spellcasting   | |  1.0

Action                   |  1- 3 |  4- 6 || total
-------------------------+-------+-------++-------
Melee: Unarmed           |     3 |     4 ||     7
       Constrict         |     1 |     1 ||     2
       Tentacles         |     1 |     1 ||     2
 Fire: Hand crossbow     |    84 |    66 ||   150
 Cast: Slow              |     3 |       ||     3
  Use: Scroll            |       |     1 ||     1
Armor: Skin              |     8 |       ||     8
Dodge: Dodged            |    27 |    33 ||    60

Table legend: (Time is in decaauts)
 A = Elapsed time spent in this place.
 B = Non-inter-level travel time spent in this place.
 C = Inter-level travel time spent in this place.
 D = Time resting spent in this place.
 E = Time spent auto-exploring this place.
 F = Levels seen in this place.
 G = Mean time per level.
                   A        B        C        D        E       F      G
               +--------+--------+--------+--------+--------+-----+--------+
         Total |   2356 |   2304 |     52 |    851 |   1143 |   2 | 1178.0 |
       Dungeon |   2356 |   2304 |     52 |    851 |   1143 |   2 | 1178.0 |
               +--------+--------+--------+--------+--------+-----+--------+

Top non-repeatable levels by time:
     D:1: 1616 daAuts
     D:2: 740 daAuts
